 Dungeon Crawl Stone Soup version 0.29.0-3-gbb0933ed62 (webtiles) character file.

Game seed: 12665281470105034885

176178 stipulation the Brawler (level 17, -9/156 (158) HPs)
             Began as a Pale Draconian Transmuter on Aug 26, 2022.
             Was a High Priest of Wu Jian.
             Mangled by an emperor scorpion simulacrum (14 damage)
             ... on level 4 of the Spider Nest.
             The game lasted 01:56:09 (34542 turns).

stipulation the Brawler (DrTm)                     Turns: 34542, Time: 01:56:10

HP:   -9/156 (158)  AC: 11    Str: 18 (19) XL:     17   Next: 50%
MP:   31/32         EV: 15    Int: 14      God:    Wu Jian [*****.]
Gold: 657           SH:  0    Dex: 12 (13) Spells: 21/39 levels left

rFire   + . .      SeeInvis .     - Unarmed
rCold   . . .      Faith    .   (shield currently unavailable)
rNeg    . . .      Spirit   .   (body armour unavailable)
rPois   +          Reflect  .   (helmet restricted)
rElec   .          Harm     .   y - +0 cloak
rCorr   .          Rampage  .   (gloves currently unavailable)
Will    +....                   c - +0 pair of boots "Exzaewekk" {rPois}
Stlth   +.........              P - amulet of regeneration
HPRegen 1.16/turn               l - +4 ring of slaying
MPRegen 0.23/turn               x - ring of protection from fire

@: lethally poisoned (-9 -> -10), exhausted, blade hands (expiring), slowed,
studying Stealth, lightly drained, very slow
A: breathe steam, AC +9, unfitting armour, cold-blooded, steam resistance
a: Breathe Steam, End Transformation, Renounce Religion, Wall Jump, Serpent's
Lash, Heavenly Storm


You were on level 4 of the Spider Nest.
You worshipped Wu Jian.
Wu Jian was extremely pleased with you.
You had blades for hands.
You visited 5 branches of the dungeon, and saw 27 of its levels.
You also visited: Ice Cave.

You collected 2625 gold pieces.
You spent 1968 gold pieces at shops.

Inventory:

Hand Weapons
 Z - a +0 dagger
Missiles
 i - 3 throwing nets
Armour
 c - the +0 pair of boots "Exzaewekk" (worn) {rPois}
   (You acquired it on level 14 of the Dungeon)

   rPois:     It protects you from poison.
 y - a +0 cloak (worn)
 I - the +3 pair of seven-league boots {Rampage+∞}
   (You bought it in a shop on level 2 of the Orcish Mines)

   Its wearer moves as far as possible in that direction when moving towards
   enemies.
Jewellery
 l - a +4 ring of slaying (left blade hand)
 p - an amulet of the acrobat
 x - a ring of protection from fire (right blade hand)
 z - an amulet of reflection
 D - a ring of poison resistance
 K - a ring of wizardry
 L - an amulet of guardian spirit
 P - an amulet of regeneration (around neck)
Wands
 q - a wand of flame (44)
 r - a wand of digging (6)
 v - a wand of mindburst (23)
 C - a wand of paralysis (24)
 E - a wand of polymorph (8)
 Q - a wand of roots (21)
 S - a wand of acid (8)
Scrolls
 a - 9 scrolls of teleportation
 b - 9 scrolls of enchant weapon
 d - 6 scrolls of poison
 e - 2 scrolls of butterflies
 j - 5 scrolls of amnesia
 w - 8 scrolls of immolation
 M - a scroll of silence
 O - 3 scrolls of enchant armour
 U - a scroll of magic mapping
 X - a scroll of vulnerability
 Y - a scroll of summoning
Potions
 f - 5 potions of degeneration {unknown}
 g - a potion of haste
 h - 3 potions of berserk rage {unknown}
 k - 7 potions of brilliance
 m - 9 potions of flight
 n - 2 potions of heal wounds
 o - 8 potions of might {unknown}
 t - 2 potions of resistance
 u - a potion of invisibility {unknown}
 A - a potion of ambrosia {unknown}
 B - 9 potions of curing
 G - 2 potions of magic {unknown}
 H - 5 potions of attraction
 J - 2 potions of mutation {unknown}
 N - 5 potions of lignification
 W - a potion of cancellation {unknown}
Miscellaneous
 s - a lightning rod (4/4)
 T - a condenser vane


   Skills:
 - Level 16.0 Fighting
 - Level 8.0 Dodging
 + Level 17.4 Unarmed Combat
 + Level 11.9 Spellcasting
 - Level 16.0 Transmutations
 - Level 6.0 Ice Magic
 - Level 6.0 Air Magic
 - Level 5.0 Evocations


You had 21 spell levels left.
You knew the following spells:

 Your Spells              Type           Power      Damage    Failure   Level
a - Beastly Appendage     Tmut           100%       N/A       3%          1
b - Wereblood             Tmut           52%        N/A       4%          2
c - Ice Form              Ice/Tmut       39%        N/A       14%         4
d - Swiftness             Air            25%        N/A       22%         3
e - Blade Hands           Tmut           26%        N/A       11%         5
f - Spider Form           Tmut/Pois      30%        N/A       16%         3

Your spell library contained the following spells:

 Spells                   Type           Power      Damage    Failure   Level
 Sting                    Tmut/Pois      100%       1d8       10%         1
 Passwall                 Tmut/Erth      25%        N/A       12%         2
 Ozocubu's Armour         Ice            25%        N/A       22%         3
 Shock                    Conj/Air       64%        1d7       24%         1
 Poisonous Vapours        Pois/Air       32%        N/A       28%         2
 Airstrike                Air            12%        2d(2-18)  41%         4
 Foxfire                  Conj/Fire      32%        2x1d5     43%         1
 Slow                     Hex            32%        N/A       43%         1
 Summon Small Mammal      Summ           32%        N/A       43%         1
 Irradiate                Conj/Tmut      15%        3d16      43%         5
 Yara's Violent Unravell  Hex/Tmut       15%        3d8       43%         5
 Dragon Form              Tmut           26%        N/A       47%         7
 Blink                    Tloc           16%        N/A       52%         2
 Call Canine Familiar     Summ           8%         N/A       69%         3
 Confusing Touch          Hex            8%         N/A       69%         3
 Conjure Flame            Conj/Fire      8%         6-21      69%         3
 Dazzling Flash           Conj/Hex       16%        N/A       69%         3
 Gell's Gravitas          Tloc           8%         N/A       69%         3
 Inner Flame              Hex/Fire       8%         N/A       69%         3
 Lesser Beckoning         Tloc           8%         N/A       69%         3
 Summon Guardian Golem    Hex/Summ       8%         N/A       69%         3
 Teleport Other           Tloc           8%         N/A       69%         3
 Vampiric Draining        Necr           8%         2d6       69%         3
 Summon Lightning Spire   Summ/Air       16%        N/A       69%         4
 Eringya's Noxious Bog    Tmut/Pois      15%        N/A       85%         6
 Metabolic Englaciation   Hex/Ice        8%         N/A       90%         5
 Silence                  Hex/Air        8%         N/A       90%         5
 Storm Form               Tmut/Air       19%        N/A       93%         7
 Anguish                  Hex/Necr       4%         N/A       94%         4
 Animate Dead             Necr           8%         N/A       94%         4
 Cause Fear               Hex            4%         N/A       94%         4
 Flame Wave               Conj/Fire      8%         2d5       94%         4
 Fulminant Prism          Conj/Hex       4%         3d6       94%         4
 Iskenderun's Mystic Bla  Conj/Tloc      8%         2d4       94%         4
 Olgreb's Toxic Radiance  Pois           8%         N/A       94%         4
 Agony                    Necr           8%         N/A       99%         5
 Borgnjor's Vile Clutch   Necr/Erth      4%         N/A       99%         5
 Lee's Rapid Deconstruct  Erth           4%         3d6*      99%         5
 Manifold Assault         Tloc           8%         N/A       99%         5
 Dispersal                Tloc           4%         N/A       100%        6
 Simulacrum               Ice/Necr       8%         N/A       100%        6
 Enfeeble                 Hex            4%         N/A       100%        7
 Haunt                    Necr/Summ      4%         N/A       100%        7
 Malign Gateway           Summ/Tloc      4%         N/A       100%        7
 Ozocubu's Refrigeration  Ice            12%        4d10      100%        7
 Discord                  Hex            4%         N/A       100%        8
 Infestation              Necr           4%         N/A       100%        8
 Maxwell's Capacitive Co  Air            12%        ∞         100%        8
 Summon Horrible Things   Summ           4%         N/A       100%        8


Dungeon Overview and Level Annotations

Branches:
Dungeon (15/15)            Temple (1/1) D:6            Lair (5/5) D:9
 Shoals (0/4) Lair:2       Spider (4/4) Lair:2        Slime (0/5) Lair:4
    Orc (2/2) D:12            Elf (0/3) Orc:2        Vaults (0/5) D:14
 Depths (0/4) D:15          IceCv (visited)

Altars:
Ashenzari
Cheibriados
Dithmenos
Elyvilon
Fedhas
Gozag
Hepliaklqana
Kikubaaqudgha
Makhleb
Nemelex Xobeh
Okawaru
Qazlal
Ru
Sif Muna
Trog
Uskayaw
Vehumet
Wu Jian
Xom
Yredelemnul
Zin
The Shining One
Jiyva

Shops:
Orc:2 ([::

Annotations:
D:5 1 runed translucent door, exclusion: statue, turdburglar's ghost, novice VSEn
D:11 4 transporters


Innate Abilities, Weirdness & Mutations

You have blades for hands.
Your spellcasting is less reliable in this form.
You are incapable of wielding weapons or throwing items.
You can breathe blasts of scalding, opaque steam.
Your pale cyan-grey scales are hard. (AC +9)
You cannot fit into any form of body armour.
You are cold-blooded and may be slowed by cold attacks.
You are immune to the effects of steam.


Message History

You slice the emperor scorpion!! You tail-slap the emperor scorpion.
The emperor scorpion is moderately wounded.
You slash the emperor scorpion!
You slash the emperor scorpion, but do no damage.
The emperor scorpion is moderately wounded.
You feel very sick. The emperor scorpion stings you!!
The emperor scorpion barely misses you. The emperor scorpion claws you.
You slice the emperor scorpion!!
Your tail-slap misses the emperor scorpion.
You slash the emperor scorpion!
The emperor scorpion is severely wounded.
You feel sick. The emperor scorpion stings you!!
The emperor scorpion claws you but does no damage.
The emperor scorpion completely misses you.
Your muscles tense, ready for explosive movement...
You spin and attack the emperor scorpion repeatedly, with incredible momentum.
You shred the emperor scorpion!!!
You kill the emperor scorpion!
The Council accepts your kill.
You feel your dexterity returning.
Your supernatural speed expires.
A freezing mist starts to gather...
An emperor scorpion simulacrum comes into view.
You feel very sick.
You feel sick.
You lunge at the emperor scorpion simulacrum.
You slice the emperor scorpion simulacrum!!
You tail-slap the emperor scorpion simulacrum!
The emperor scorpion simulacrum is almost destroyed.
You feel sick.
The emperor scorpion simulacrum hits you!!
* * * LOW HITPOINT WARNING * * *
The emperor scorpion simulacrum freezes you!!
* * * LOW HITPOINT WARNING * * *
The emperor scorpion simulacrum claws you.
* * * LOW HITPOINT WARNING * * *
The emperor scorpion simulacrum freezes you!
You feel yourself slow down.
You die...

#~~~.## #~~...# ##~...# #~~...#
#~....# #~.#..# #...^.# #Z^...#
#@...~# #.°#.~# #...~~# #..~~~#
#.^~#~# ######### #^.~~~#
#.^^.#..# #...~~# #......###
################^...~###.......^#
^............^..#....##.........#


You could see an emperor scorpion simulacrum.

Vanquished Creatures
  Arachne (Spider:2)
  Jorgrun (D:13)
  Mlioglotl (Spider:2)
  3 emperor scorpions (Spider:4)
  Aizul (Spider:3)
  A frost giant (D:15)
  A ghost moth (Spider:4)
  2 orc warlords
  A broodmother (Spider:3)
  6 spark wasps
  A fire dragon (D:14)
  An ettin (Orc:2)
  5 hydras
  4 vault guards (D:14)
  2 ogre magi (Orc:2)
  A death knight (D:15)
  A radroach (Spider:4)
  5 boulder beetles
  A catoblepas (Lair:1)
  7 centaur warriors
  3 jorogumos
  13 two-headed ogres
  5 tengu warriors
  4 death yaks
  Urug (Lair:3)
  Sonja (D:12)
  A fire crab (shapeshifter) (Spider:3)
  3 sun moths
  8 pharaoh ants
  12 skeletal warriors
  10 steelbarb worms
  2 deep trolls (Orc:2)
  13 orb spiders
  2 bog bodies (IceCv)
  A wizard (D:14)
  A spectral wolf spider (Spider:4)
  An orc knight (D:15)
  17 wolf spiders
  26 ugly things
  2 orc sorcerers (Orc:2)
  2 cyclopes (Orc:2)
  A manticore (D:12)
  4 moths of wrath
  4 black mambas
  An ice statue (IceCv)
  11 elephants
  6 torpor snails
  16 cane toads
  3 rime drakes
  A spectral redback (Spider:4)
  15 komodo dragons
  2 freezing wraiths
  2 unseen horrors (D:11)
  7 demonic crawlers
  A kobold demonologist (D:11)
  2 ice devils (Lair:4)
  A tengu conjurer (D:14)
  6 meliai
  4 polar bears
  14 trolls
  A jumping spider zombie (Spider:4)
  Grinder (D:3)
  A spectral jumping spider (Spider:4)
  4 tyrant leeches (Lair:5)
  18 blink frogs
  19 tarantellas
  13 slime creatures
  6 dream sheep (Lair:5)
  A snapping turtle (Lair:2)
  12 culicivoras
  47 jumping spiders
  Eustachio (D:6)
  2 vampires
  2 wraiths
  2 shadows
  5 wyverns
  3 water elementals (D:14)
  48 yaks
  A basilisk (shapeshifter) (D:12)
  5 basilisks
  43 redbacks
  A steam dragon (Lair:4)
  Menkaure (D:6)
  15 vampire mosquitoes
  A death yak simulacrum (IceCv)
  A harpy simulacrum (IceCv)
  11 wargs
  A hydra simulacrum (IceCv)
  2 acid dragons
  19 water moccasins
  A meliai simulacrum (D:14)
  15 orc warriors
  3 ice beasts
  3 sky beasts
  A black bear (Lair:1)
  28 ogres
  27 wolves
  11 centaurs
  A phantom (D:6)
  2 kobold brigands
  19 bullfrogs
  3 gnoll sergeants
  3 necrophages
  3 two-headed ogre simulacra (IceCv)
  9 scorpions
  6 cane toad simulacra (IceCv)
  5 wights (D:10)
  2 elephant simulacra (IceCv)
  3 killer bees (D:9)
  12 electric eels
  7 howler monkeys
  6 hounds
  A crimson imp (D:9)
  11 orc priests
  A jelly (D:6)
  Crazy Yiuf (D:6)
  A gnoll bouda (D:8)
  5 iguanas
  18 orc wizards
  9 hell rats
  6 troll simulacra (IceCv)
  3 spriggan simulacra (IceCv)
  3 polar bear simulacra (IceCv)
  4 wolf simulacra (IceCv)
  Robin (D:4)
  15 gnolls
  6 adders
  6 naga simulacra (IceCv)
  A shadow imp (D:7)
  8 white imps
  11 ufetubi
  5 worms
  2 dart slugs
  64 orcs
  8 ball pythons
  5 endoplasms
  8 giant cockroaches
  23 goblins
  10 hobgoblins
  4 jackals
  3 quokkas
  5 bats
  3 frilled lizards
  9 kobolds
  8 rats
1000 creatures vanquished.

Vanquished Creatures (others)
  A redback (Spider:2)
  52 fungi
  119 plants
172 creatures vanquished.

Grand Total: 1172 creatures vanquished

Notes
Turn   | Place    | Note
-------+----------+-------------------------------------------
     0 | D:1      | stipulation the Draconian Transmuter began the quest for
                  | the Orb.
     0 | D:1      | Reached XP level 1. HP: 16/16 MP: 3/3
    15 | D:1      | Found a faded altar of an unknown god.
   275 | D:1      | Reached XP level 2. HP: 24/24 MP: 3/5
  1096 | D:2      | Reached XP level 3. HP: 31/31 MP: 4/6
  1626 | D:2      | Reached skill level 4 in Unarmed Combat
  1626 | D:2      | Reached XP level 4. HP: 37/38 MP: 5/7
  2189 | D:3      | Learned a level 2 spell: Wereblood
  2194 | D:3      | Learned a level 4 spell: Ice Form
  2320 | D:3      | Noticed Grinder
  2337 | D:4      | Noticed an ogre
  2352 | D:3      | Killed Grinder
  2353 | D:3      | Reached skill level 5 in Unarmed Combat
  2353 | D:3      | Reached XP level 5. HP: 45/45 MP: 8/8
  2353 | D:3      | Reached XP level 6. HP: 51/51 MP: 9/9
  3200 | D:4      | Found a snail-covered altar of Cheibriados.
  3214 | D:4      | Reached skill level 5 in Transmutations
  3509 | D:4      | Your scales start taking on a pale cyan-grey colour.
  3509 | D:4      | Reached XP level 7. HP: 42/57 MP: 10/10
  3509 | D:4      | Gained mutation: You are immune to the effects of steam.
                  | [Pale Draconian growth]
  3673 | D:4      | Found a sparkling altar of Nemelex Xobeh.
  3978 | D:4      | Noticed Robin
  3983 | D:4      | Killed Robin
  4194 | D:5      | Entered Level 5 of the Dungeon
  4442 | D:5      | Found a radiant altar of Vehumet.
  4485 | D:5      | Found a runed translucent door.
  4486 | D:5      | Noticed turdburglar's ghost (novice VSEn)
  4714 | D:5      | Reached skill level 1 in Ice Magic
  5003 | D:6      | Noticed Eustachio
  5011 | D:6      | Killed Eustachio
  5057 | D:6      | Reached XP level 8. HP: 63/63 MP: 12/14
  5379 | D:6      | Found a staircase to the Ecumenical Temple.
  5401 | Temple   | Entered the Ecumenical Temple
  5643 | Temple   | Became a worshipper of the Wu Jian Council
  5973 | D:6      | Noticed Menkaure
  5983 | D:6      | Killed Menkaure
  6229 | D:6      | Reached skill level 5 in Ice Magic
  6240 | D:6      | Reached XP level 9. HP: 24/69 MP: 13/15
  6621 | D:6      | Found a runed translucent door.
  6622 | D:6      | Noticed Crazy Yiuf
  6629 | D:6      | Killed Crazy Yiuf
  6765 | D:7      | Reached skill level 5 in Spellcasting
  7307 | D:7      | Reached * piety under Wu Jian
  7842 | D:8      | Reached skill level 6 in Unarmed Combat
  8102 | D:8      | Noticed a green ugly thing
  8121 | D:8      | Killed a green ugly thing
  8122 | D:8      | Reached skill level 5 in Fighting
  8122 | D:8      | Reached skill level 7 in Unarmed Combat
  8731 | D:8      | Reached XP level 10. HP: 81/81 MP: 16/19
  8862 | D:8      | Found a sacrificial altar of Ru.
  8963 | D:8      | Reached skill level 8 in Unarmed Combat
  8991 | D:8      | Reached ** piety under Wu Jian
  9039 | D:8      | Found a shimmering altar of Xom.
  9463 | D:9      | Reached skill level 9 in Unarmed Combat
  9806 | D:9      | Found a staircase to the Lair.
  9852 | D:9      | Reached skill level 10 in Unarmed Combat
 10405 | D:10     | Entered Level 10 of the Dungeon
 11328 | D:10     | Found a burning altar of Makhleb.
 11332 | D:10     | Found a glowing golden altar of the Shining One.
 11620 | Lair:1   | Entered Level 1 of the Lair of Beasts
 11649 | Lair:1   | Reached XP level 11. HP: 45/92 MP: 6/20
 11897 | Lair:1   | Noticed a catoblepas
 11907 | Lair:1   | Killed a catoblepas
 11908 | Lair:1   | Reached skill level 10 in Transmutations
 11986 | Lair:1   | Reached *** piety under Wu Jian
 12051 | Lair:1   | Noticed a six-headed hydra
 12059 | Lair:1   | Killed a six-headed hydra
 12518 | Lair:1   | Reached skill level 10 in Fighting
 12594 | Lair:1   | Found a sparkling altar of Nemelex Xobeh.
 13117 | Lair:2   | Reached skill level 11 in Unarmed Combat
 13364 | Lair:2   | Reached skill level 12 in Unarmed Combat
 13375 | Lair:2   | Reached XP level 12. HP: 57/106 MP: 14/21
 14058 | Lair:2   | Found a staircase to the Shoals.
 14156 | Lair:2   | Found a hole to the Spider Nest.
 14166 | Lair:2   | Reached **** piety under Wu Jian
 14167 | Lair:2   | Noticed a death yak
 14170 | Lair:2   | Noticed a death yak
 14172 | Lair:2   | Killed a death yak
 14172 | Lair:2   | Noticed a death yak
 14173 | Lair:2   | Reached skill level 13 in Unarmed Combat
 14176 | Lair:2   | Noticed a death yak
 14582 | Lair:2   | Killed a death yak
 14600 | Lair:1   | Killed a death yak
 15053 | Lair:2   | Killed a death yak
 15142 | Lair:3   | Learned a level 3 spell: Swiftness
 15162 | Lair:3   | Reached skill level 1 in Air Magic
 15725 | Lair:3   | You fall into a shaft and drop 1 floor!
 15746 | Lair:4   | Found a frozen archway.
 15791 | IceCv    | Entered an ice cave
 15877 | IceCv    | Reached ***** piety under Wu Jian
 15984 | IceCv    | Reached skill level 5 in Air Magic
 16422 | Lair:4   | Reached XP level 13. HP: 122/122 MP: 22/22
 17099 | Lair:4   | Identified the +1 ring mail of Nihilism {Fly rElec rF+++
                  | Str-3}
 17115 | Lair:4   | Found a staircase to the Slime Pits.
 17115 | Lair:4   | Found a viscous altar of Jiyva.
 17845 | Lair:5   | Entered Level 5 of the Lair of Beasts
 18232 | Lair:5   | Reached skill level 14 in Unarmed Combat
 18392 | Lair:5   | Reached ****** piety under Wu Jian
 18393 | Lair:5   | Reached skill level 15 in Unarmed Combat
 18917 | Lair:5   | Identified the +3 ring mail "Web Gau" {rN+ Dex+3}
 18931 | Lair:5   | Reached skill level 16 in Unarmed Combat
 18967 | Lair:5   | Reached XP level 14. HP: 129/129 MP: 20/26
 19728 | Lair:3   | Noticed Urug
 19736 | Lair:3   | Killed Urug
 20242 | D:11     | Found a transporter.
 20242 | D:11     | Found a transporter.
 20244 | D:11     | Found a transporter.
 20244 | D:11     | Found a transporter.
 20857 | D:12     | Found a staircase to the Orcish Mines.
 21091 | D:12     | Reached skill level 15 in Fighting
 21321 | D:12     | Noticed Sonja
 21334 | D:12     | Killed Sonja
 21779 | D:13     | Noticed Jorgrun
 21800 | D:13     | Killed Jorgrun
 22940 | Orc:1    | Entered Level 1 of the Orcish Mines
 23046 | Orc:2    | Entered Level 2 of the Orcish Mines
 23046 | Orc:2    | Found a staircase to the Elven Halls.
 23450 | Orc:2    | Reached skill level 10 in Spellcasting
 23459 | Orc:2    | Noticed an orc warlord
 23525 | Orc:1    | Killed an orc warlord
 23702 | Orc:2    | Paralysed by an orc sorcerer for 3 turns
 23771 | Orc:2    | Reached XP level 15. HP: 144/144 MP: 27/29
 23797 | Orc:2    | Found Ontesiabb's Antique Armour Shop.
 23815 | Orc:2    | Reached skill level 5 in Dodging
 24238 | Orc:2    | Found Jovy's Book Boutique.
 24240 | Orc:2    | Found Kafut's Antique Weapon Shoppe.
 24259 | Orc:2    | Bought a book of Transfigurations for 400 gold pieces
 24261 | Orc:2    | Found Seulufum's Book Shop.
 24270 | Orc:2    | Bought a book of Spatial Translocations for 416 gold pieces
 24280 | Orc:2    | Bought a glowing scarf for 192 gold pieces
 24280 | Orc:2    | Bought the +3 pair of seven-league boots {Rampage+∞} for
                  | 960 gold pieces
 24280 | Orc:2    | Found the +3 pair of seven-league boots {Rampage+∞}
 24370 | Orc:2    | Noticed an orc warlord
 24527 | Orc:1    | Learned a level 5 spell: Blade Hands
 24535 | Orc:2    | Killed an orc warlord
 24948 | Spider:1 | Entered Level 1 of the Spider Nest
 25595 | Spider:2 | Noticed Arachne
 25602 | Spider:2 | Killed Arachne
 25896 | Spider:2 | Noticed Mlioglotl
 25906 | Spider:2 | Killed Mlioglotl
 27212 | D:14     | Reached XP level 16. HP: 151/151 MP: 26/30
 27828 | D:14     | Reached skill level 15 in Transmutations
 28000 | D:14     | Found a gate to the Vaults.
 28577 | D:14     | Identified a scroll of acquirement
 28594 | D:15     | Entered Level 15 of the Dungeon
 29407 | D:15     | Found a staircase to the Depths.
 29799 | Spider:2 | Acquired the +0 pair of boots "Exzaewekk" {rPois}
 29914 | Spider:2 | Learned a level 3 spell: Spider Form
 30420 | Spider:3 | Reached skill level 1 in Evocations
 30845 | Spider:3 | Noticed Aizul
 31441 | Spider:3 | Killed Aizul
 31681 | Spider:3 | Got the Tractate on Earthen Filth
 32205 | Spider:4 | Entered Level 4 of the Spider Nest
 32525 | Spider:4 | Reached XP level 17. HP: 51/158 MP: 28/31
 32945 | Spider:3 | Reached skill level 5 in Evocations
 33752 | Spider:4 | Reached skill level 17 in Unarmed Combat
 34542 | Spider:4 | HP: 7/156 [emperor scorpion simulacrum (26)]
 34542 | Spider:4 | Mangled by an emperor scorpion simulacrum

Illustrated notes

Levels and vault maps discovered:
D:1:      dpeg_arrival_short_road, layout_basic, basic_ecumenical_altar,
          nrook_loot_triangle, minmay_worlds_worst_comb
D:2:      layout_loops_corners
D:3:      layout_loops_corners, uniq_grinder
D:4:      kennysheep_goblin_castle, layout_cave_pools, lemuel_round_altar,
          lemuel_tele_altar, kennysheep_generic_room_15
D:5:      layout_basic, vehumet_statue, hellmonk_ghost_happy_afterlife,
          grunt_decor_arrowhead
D:6:      layout_basic, minmay_temple_entry_tees, hex_tiny, minmay_pentangle,
          uniq_eustachio, uniq_crazy_yiuf_cottage, uniq_menkaure
D:7:      layout_loops_cross, kennysheep_generic_room_13
D:8:      layout_basic, nicolae_overflow_hidden_temple, tgw_xom
D:9:      layout_roguey, due_lair_maze_entry_diamond, minmay_fire_ice_demons
D:10:     layout_basic, minitemple, nicolae_elevator_lobby_plus
D:11:     layout_cross, minmay_misc_feat_room, chequers_decorated_corner,
          grunt_ministairs_13, kennysheep_crisscross, nicolae_diode_quadrants
D:12:     layout_gridville, kennysheep_orc_monster_closet_entryway,
          minmay_misc_feat_tiny, uniq_sonja
D:13:     layout_irregular_city, uniq_jorgrun
D:14:     lemuel_ice_spiral_2, layout_basic, lightli_vaults_fourway_checkpoint,
          minmay_misc_feat_four_crosses
D:15:     grunt_enter_depths_snipers, layout_cave_pools, nicolae_wwwww,
          palyth_stone_intersect
Temple:   regret_index_temple_generic_petals
Lair:1:   layout_cave_shapes, basic_altar, beast_lair_carwin_1,
          serial_bayou_shore_a
Lair:2:   layout_loops_ring, minmay_shoals_entry_hut,
          nicolae_spider_entry_non_spiders
Lair:3:   beast_lair_carwin_large_4, layout_regular_city, serial_bayou_pond_e,
          guppyfry_lair_drakes, uniq_urug
Lair:4:   layout_regular_city, slime_entry_1, portal_ice_cave_demonic_guard,
          grunt_megastairs_4, lemuel_fruit_fields
Lair:5:   minmay_lair_end_frog_pond, layout_hall_layers
Spider:1: nicolae_spider_jumping_over_cracks [nicolae_spider_jumping_sub_rim,
          nicolae_spider_jumping_sub_shuffled, nicolae_spider_jumping_sub_divot,
          nicolae_spider_jumping_sub_offset]
Spider:2: layout_spider_delve, uniq_mlioglotl, uniq_arachne
Spider:3: layout_chambers, drop_trap, hellmonk_deceptive_appearances, uniq_aizul
Spider:4: floodkiller_spider_rune_tomb
Orc:1:    layout_diamond_mine, mines5_lemuel
Orc:2:    st_orc_open, layout_diamond_mine

Skill      XL: |  1  2  3  4  5  6  7  8  9 10 11 12 13 14 15 16 17 |
---------------+----------------------------------------------------+-----
Dodging        | 2 3 6 8 |  8.0
Fighting       | 2 3 5 7 10 13 16 | 16.0
Unarmed Combat | 4 5 7 10 12 13 16 17 | 17.4
Transmutations | 4 5 6 8 9 10 14 16 | 16.0
Spellcasting   | 4 6 8 10 11 | 11.9
Ice Magic      | 2 6 |  6.0
Air Magic      | 5 6 |  6.0
Evocations     | 4 5 |  5.0

Action                   |  1- 3 |  4- 6 |  7- 9 | 10-12 | 13-15 | 16-18 || total
-------------------------+-------+-------+-------+-------+-------+-------++-------
Melee: Unarmed           |    67 |    72 |   175 |   483 |   990 |   568 ||  2355
       Headbutt          |     6 |     6 |    30 |     2 |       |       ||    44
       Kick              |     7 |    17 |    48 |    15 |       |       ||    87
       Tailslap          |     4 |     5 |    17 |    13 |    17 |   104 ||   160
       Punch             |     1 |     1 |     7 |     3 |    11 |    63 ||    86
 Cast: Beastly Appendage |    30 |    30 |    47 |    13 |     1 |       ||   121
       Wereblood         |       |       |     5 |    30 |    12 |     1 ||    48
       Ice Form          |       |       |     3 |    55 |    95 |     4 ||   157
       Swiftness         |       |       |       |       |     7 |     7 ||    14
       Blade Hands       |       |       |       |       |     8 |    73 ||    81
       Spider Form       |       |       |       |       |       |     1 ||     1
Invok: Lunge             |       |       |     7 |    41 |   101 |    34 ||   183
       Whirlwind         |       |       |     2 |    11 |   247 |   143 ||   403
       Serpent's Lash    |       |       |       |     2 |    16 |    12 ||    30
       Heavenly Storm    |       |       |       |       |     2 |     2 ||     4
 Abil: End Transformatio |       |     1 |       |     3 |     3 |     3 ||    10
       Breathe Steam     |       |       |    26 |    11 |     1 |     2 ||    40
       Wall Jump         |       |       |       |       |     4 |       ||     4
Evoke: Condenser vane    |       |       |       |       |       |     1 ||     1
  Use: Potion            |       |     1 |     3 |       |     2 |     6 ||    12
       Scroll            |       |     2 |     3 |     8 |    10 |     7 ||    30
 Stab: Sleeping          |       |       |     1 |       |       |       ||     1
Armor: Skin              |    24 |    24 |    40 |   106 |   163 |   160 ||   517
Dodge: Dodged            |    48 |    33 |    83 |   156 |   350 |   311 ||   981
Block: Other             |       |       |       |    56 |    18 |       ||    74
       Reflection        |       |       |       |     1 |       |       ||     1
